 Dungeon Crawl Stone Soup version 0.31.0-9-g3a7656b989 (webtiles) character file.

Game seed: 16277607016356735500

12 Killerpretzel the Changeling (level 2, -1/18 HPs)
             Began as an Octopode Shapeshifter on Feb 6, 2024.
             Slain by Sigmund
             ... wielding a +0 scythe
              (6 damage)
             ... on level 2 of the Dungeon.
             The game lasted 00:00:47 (206 turns).

Killerpretzel the Changeling (Octopode Shapeshifter) Turns: 206, Time: 00:00:47

Health: -1/18      AC:  1    Str: 13    XL:     2   Next: 33%
Magic:  0/2        EV: 13    Int: 12    God:
Gold:   69         SH:  0    Dex: 11    Spells: 1/1 levels left

rFire   . .          .
                       - Unarmed
rCold   . . .        (no shield)
rNeg    . . .        (helmet currently unavailable)
rPois   .            d - amulet of guardian spirit
rElec   .            (no ring)
rCorr   .            (no ring)
SInv    .            (no ring)
Will    .....        (no ring)
Stlth   ++           (no ring)
HPRegen 0.23/turn    (no ring)
MPRegen 0.08/turn    (no ring)
                     (no ring)

%: guardian spirit
@: beast-form
A: beast (slay +1), almost no armour, amphibious, 8 rings, camouflage 1,
gelatinous body 1, (nimble swimmer 1), tentacles
a: Begin Untransformation


You were on level 2 of the Dungeon.
You were a hulking beast.
You visited 1 branch of the dungeon, and saw 2 of its levels.

You collected 69 gold pieces.

Inventory:

Jewellery
 d - an amulet of guardian spirit (around mantle)
Talismans
 b - a beast talisman
 c - a flux talisman
Scrolls
 f - a scroll of enchant weapon {unknown}
Potions
 a - a potion of lignification
 e - 2 potions of invisibility {unknown}


   Skills:
 + Level 1.3 Fighting
 + Level 2.2 Dodging
 + Level 3.1 Unarmed Combat
 * Level 3.2 Shapeshifting


You had one spell level left.
You didn't know any spells.
Your spell library was empty.

Dungeon Overview and Level Annotations

Branches:
Dungeon (1/15)

Altars:

Annotations:
D:2 Sigmund


Innate Abilities, Weirdness & Mutations

You are a hulking beast.
Your limbs bulge with bestial killing power. (Slay +1)
You cannot wear most types of armour.
You are amphibious.
You can wear up to eight rings at the same time.
Your skin changes colour to match your surroundings (Stealth+).
Your rubbery body absorbs attacks. (AC +1, EV +1)
((You are camouflaged when in or above water. (Stealth+)))
You have tentacles for arms and can constrict up to eight enemies at once.


Message History

You are confused.
There are monsters nearby!
You are too confused!
There are monsters nearby!
The quokka barely misses you. The quokka misses you.
Sigmund points at you and mumbles some strange words.
You are more confused.
The goblin unwields a +0 club.
The goblin wields a +0 sling.
The goblin shoots a sling bullet.
The sling bullet barely misses you. The quokka attacks as it pursues you!
The quokka closely misses you.
You hear a shout!
You bump into the rock wall.
Sigmund gestures wildly while chanting.
Sigmund flickers and vanishes!
Deactivating autopickup; reactivate with Ctrl-A.
The quokka barely misses you. The quokka barely misses you.
There is an open door here.
The quokka closely misses you. The quokka attacks as it pursues you!
The quokka closely misses you.
You tentacle-slap the quokka.
You kill the quokka!
You're too confused to move!
You miss the goblin. The goblin hits you with a +0 dagger.
You barely miss the goblin.
You feel less confused. The goblin hits you with a +0 dagger.
The goblin attacks as it pursues you! The goblin barely misses you.
You tentacle-slap the goblin.
You kill the goblin!
The goblin shoots a sling bullet.
The sling bullet hits you. Something barely misses you.
The goblin unwields a +0 sling.
The goblin wields a +0 club.
The goblin hits you with a +0 club.
* * * LOW HITPOINT WARNING * * *
Things that are here:
a +0 dagger; a goblin corpse You closely miss the goblin.
You grab the goblin. You squeeze the goblin.
You kill the goblin!
Something hits you.
You die...

..!........#
#.....|....#
#.....g....#
#..........#
......g....#
..#+#####'##
. #†# #.#
#h# #)# #.#
#.#########
#..........
##########.


There were no monsters in sight!

Vanquished Creatures
  A bat (D:1)
  An endoplasm (D:1)
  3 goblins
  A hobgoblin (D:2)
  2 quokkas
  A frilled lizard (D:1)
  A rat (D:1)
10 creatures vanquished.

Notes
Turn   | Place    | Note
-------+----------+-------------------------------------------
     0 | D:1      | Killerpretzel the Octopode Shapeshifter began the quest for
                  | the Orb.
     0 | D:1      | Reached XP level 1. HP: 13/13 MP: 1/1
   130 | D:1      | Reached XP level 2. HP: 18/18 MP: 2/2
   173 | D:1      | You fall into a shaft and drop 1 floor!
   186 | D:2      | Noticed Sigmund
   206 | D:2      | Slain by Sigmund

Illustrated notes

Levels and vault maps discovered:
D:1:      dpeg_arrival_morbid_curiosity, layout_loops_ring, serial_shops,
          shop_fountains
D:2:      layout_basic, uniq_sigmund, uniq_terence, uniq_robin

Action                     || total
---------------------------++-------
  Melee: Unarmed           ||    21
         Constrict         ||     5
         Tentacles         ||     2
         Punch             ||     1
 Armour: Skin              ||    15
  Dodge: Dodged            ||    17
